 Dungeon Crawl Stone Soup version 0.30-a0-172-gc5509c9e31 (webtiles) character file.

Game seed: 2264984798670004906

118 blackman the Shield-Bearer (level 4, 0/37 HPs)
             Began as a Demigod Wanderer on Oct 2, 2022.
             Slain by an orc priest
             ... wielding a +0 hand axe
              (2 damage)
             ... on level 4 of the Dungeon.
             The game lasted 00:07:39 (5417 turns).

blackman the Shield-Bearer (Demigod Wanderer)       Turns: 5417, Time: 00:07:39

Health: 0/37       AC:  5    Str: 11    XL:     4   Next: 45%
Magic:  8/8        EV:  5    Int: 11    God:
Gold:   103        SH: 17    Dex: 22    Spells: 5/5 levels left

rFire   . . .      SeeInvis .    u - +0 rapier
rCold   . . .      Faith    .    l - +2 tower shield {reflect}
rNeg    . . .      Spirit   .    p - +0 ring mail
rPois   .          Reflect  +    (no helmet)
rElec   .          Harm     .    (no cloak)
rCorr   .          Rampage  .    (no gloves)
Will    .....                    (no boots)
Stlth   +.........               (no amulet)
HPRegen 0.26/turn                (no ring)
MPRegen 0.11/turn                (no ring)

@: no status effects
A: high MP 1, forlorn, divine attributes
a: no special abilities


You were on level 4 of the Dungeon.
You visited 1 branch of the dungeon, and saw 4 of its levels.

You collected 103 gold pieces.

Inventory:

Hand Weapons
 a - a +0 dagger
 u - a +0 rapier (weapon)
Missiles
 c - 10 boomerangs (quivered)
Armour
 f - a +0 robe
 l - a +2 tower shield of reflection (worn)
 p - a +0 ring mail (worn)
Jewellery
 g - a ring of wizardry
Wands
 d - a wand of roots (3)
Scrolls
 e - 5 scrolls of teleportation
 h - a scroll of fear {unknown}
 j - 4 scrolls of identify {unknown}
 m - a scroll of blinking {unknown}
 r - a scroll of butterflies {unknown}
Potions
 b - a potion of curing
 i - a potion of experience {unknown}
 k - a potion of attraction {unknown}
 n - a potion of flight {unknown}
 o - a potion of degeneration {unknown}
 q - 2 potions of haste {unknown}
 s - a potion of heal wounds {unknown}
 t - a potion of lignification {unknown}


   Skills:
 - Level 2.6 Fighting
 - Level 2.3 Long Blades
 - Level 2.6 Throwing
 * Level 3.1 Shields
 - Level 1.0 Spellcasting
 - Level 2.6 Evocations


You had 5 spell levels left.
You didn't know any spells.
Your spell library was empty.

Dungeon Overview and Level Annotations

Branches:
Dungeon (4/15)
 Temple: D:4-7

Shops:
D:2 (

Annotations:
D:3 1 transporter, Darkkill's ghost, amateur HuHu


Innate Abilities, Weirdness & Mutations

You have an increased reservoir of magic. (+10% MP)
You shall have no god before yourself.
Your divine heritage dramatically boosts your attributes as you level up.


Message History

You block the orc priest's attack.
You hit the orc priest but do no damage.
The orc priest looks satisfied for a moment.
You hit the orc priest.
The orc priest is moderately wounded.
The orc priest mumbles some strange prayers to Beogh against you.
Pain shoots through your body!
The orc priest calls down the wrath of Beogh upon you.
Beogh smites you!
You hit the orc priest but do no damage.
The orc priest is moderately wounded.
You block the orc priest's attack.
You barely miss the orc priest.
The orc priest is moderately wounded.
The orc priest hits you but does no damage. x2
You hit the orc priest.
The orc priest is heavily wounded.
The orc priest hits you but does no damage.
You block the orc priest's attack.
You hit the orc priest but do no damage.
The orc priest is heavily wounded.
The orc priest mumbles some strange prayers to Beogh against you.
Beogh smites you!
You are too injured to fight recklessly!
You are too injured to fight recklessly!
You are too injured to fight recklessly!
You barely miss the orc priest.
The orc priest is heavily wounded.
The orc priest calls down the wrath of Beogh upon you.
You barely resist. You block the orc priest's attack.
You hit the orc priest but do no damage.
The orc priest is heavily wounded.
You block the orc priest's attack.
You barely miss the orc priest.
The orc priest is heavily wounded.
The orc priest calls down the wrath of Beogh upon you.
Pain shoots through your body!
* * * LOW HITPOINT WARNING * * *
The orc priest hits you with a +0 hand axe.
You die...

..... .... #...
#... #### #..#
###...# #..#
###<..# #..#
####o@.###
########.###...####
.......#.....###
.......#...###
.......).###
........##
.........#
.........#
........##


You could see an orc priest.

Vanquished Creatures
  An orc priest (D:4)
  2 gnolls
  An adder (D:3)
  A worm (D:2)
  A dart slug (D:2)
  4 orcs (D:3)
  5 ball pythons
  5 bats
  4 endoplasms
  3 giant cockroaches (D:1)
  7 goblins
  2 hobgoblins
  2 jackals (D:2)
  2 quokkas
  A frilled lizard (D:3)
  4 kobolds
  3 rats
48 creatures vanquished.

Notes
Turn   | Place    | Note
-------+----------+-------------------------------------------
     0 | D:1      | blackman the Demigod Wanderer began the quest for the Orb.
     0 | D:1      | blackman set off with the following items: a +0 dagger, a
                  | potion of curing, 9 boomerangs, a wand of roots (3), a
                  | scroll of teleportation, a +0 robe.
     0 | D:1      | Reached XP level 1. HP: 18/18 MP: 4/4
   183 | D:1      | Reached skill level 1 in Long Blades
   438 | D:1      | Reached XP level 2. HP: 24/25 MP: 5/5
  1555 | D:2      | Identified the +1 dagger of the Eternal Void {freeze, rF-
                  | rN+ Dex+3}
  1627 | D:2      | Found Efon's Antique Weapon Boutique.
  2731 | D:2      | Reached XP level 3. HP: 25/30 MP: 6/6
  2833 | D:2      | Reached skill level 1 in Shields
  3971 | D:3      | Found a transporter.
  3971 | D:3      | Noticed Darkkill's ghost (amateur HuHu)
  3971 | D:3      | Noticed an ogre
  3972 | D:3      | Noticed an ogre
  4268 | D:3      | Reached skill level 2 in Shields
  4501 | D:3      | Reached XP level 4. HP: 27/37 MP: 8/8
  4806 | D:4      | Reached skill level 3 in Shields
  5417 | D:4      | Slain by an orc priest

Illustrated notes

Levels and vault maps discovered:
D:1:      zelgadis_glass_arrival_small, layout_loops_corners, serial_rivers,
          chequers_serial_rivers_small_b, chequers_serial_rivers_micro_a,
          chequers_serial_rivers_large_a, chequers_serial_rivers_micro_d,
          shapermc_ecumenical_altar_flowoftime
D:2:      layout_basic, serial_shops, nicolae_diamond_shop,
          kennysheep_generic_room_9
D:3:      layout_rooms, gammafunk_ghost_smash, minmay_misc_feat_diagonals
D:4:      layout_cave_pods, fiery_altar_vehumet, grunt_temple_overflow_open,
          portal_sewer_entry_f, nicolae_eternal_life, uniq_menkaure

Skill      XL: |  1  2  3  4 |
---------------+-------------+-----
Long Blades    | 1 2 |  2.3
Shields        | 2 3 |  3.1
Fighting       | |  2.6
Throwing       | |  2.6
Spellcasting   | |  1.0
Evocations     | |  2.6

Action                   |  1- 3 |  4- 6 || total
-------------------------+-------+-------++-------
Melee: Dagger            |   216 |       ||   216
       Rapier            |    33 |    35 ||    68
Throw: Boomerang         |     1 |       ||     1
 Stab: Sleeping          |     2 |       ||     2
Armor: Robe              |    40 |       ||    40
       Ring mail         |    24 |    10 ||    34
Dodge: Dodged            |    87 |     9 ||    96
Block: Tower shield      |   120 |    36 ||   156
       Reflection        |       |     1 ||     1

Table legend: (Time is in decaauts)
 A = Elapsed time spent in this place.
 B = Non-inter-level travel time spent in this place.
 C = Inter-level travel time spent in this place.
 D = Time resting spent in this place.
 E = Time spent auto-exploring this place.
 F = Levels seen in this place.
 G = Mean time per level.
                   A        B        C        D        E       F      G
               +--------+--------+--------+--------+--------+-----+--------+
         Total |   5510 |   5331 |    179 |   2637 |   1945 |   4 | 1377.5 |
       Dungeon |   5510 |   5331 |    179 |   2637 |   1945 |   4 | 1377.5 |
               +--------+--------+--------+--------+--------+-----+--------+

Top non-repeatable levels by time:
     D:1: 2674 daAuts
     D:2: 1440 daAuts
     D:3: 1326 daAuts
     D:4: 69 daAuts
